Map: 아크로폴리스 - 래더

Players

INnoVation

  • Race: Terran Terran
  • League: Master
  • Spawn Location: 11:00

Stats - Winner!

  • Race: Protoss Protoss
  • League: Master
  • Spawn Location: 5:00

VOD

Have the link to the VOD?

Description

Time

  • Played on: May 28, 2019, 7:54 a.m.
  • Length: 7:58
Show
View Real Time Build Order
Export as new Build Order

INnoVation Terran 

Build Orders: Reaper Expand 

Get SALT Encoding   

  12  0:00  SCV  
  13  0:12  SCV  
  14  0:17  Supply Depot  
  14  0:24  SCV  
  15  0:38  SCV  
  15  0:39  Barracks  
  16  0:44  Refinery  
  16  0:50  SCV  
  17  1:02  SCV  
  18  1:14  SCV  
  19  1:27  Orbital Command, Reaper  
  20  1:43  Command Center  
  20  1:52  SCV  
  21  1:54  Supply Depot  
  21  1:59  Barracks Reactor  
  21  2:04  SCV  
  21  2:06  Refinery  
  22  2:16  Bunker, SCV  
  23  2:23  Factory  
  23  2:29  SCV  
  24  2:35  Marine x2  
  26  2:41  SCV  
  27  2:53  Marine x2, SCV  
  27  2:56  Orbital Command  
  30  3:05  SCV  
  31  3:07  Starport  
  31  3:11  Widow Mine  
  33  3:14  Marine  
  33  3:15  Marine  
  33  3:17  SCV  
  36  3:22  SCV  
  37  3:28  Supply Depot  
  37  3:29  SCV  
  37  3:32  Marine  
  37  3:33  Marine  
  37  3:34  Widow Mine  
  42  3:37  SCV  
  43  3:41  SCV  
  43  3:42  Medivac  
  45  3:51  Marine, Barracks  
  45  3:52  Marine  
  48  3:55  SCV x2  
  48  3:56  Factory Tech Lab  
  48  4:00  Supply Depot  
  49  4:07  SCV  
  49  4:08  SCV  
  49  4:09  Barracks  
  51  4:11  Marine x2  
  51  4:13  Starport Tech Lab  
  53  4:20  SCV, Engineering Bay  
  53  4:22  SCV  
  55  4:24  Supply Depot  
  55  4:29  Marine x2  
  57  4:32  Refinery, Raven  
  57  4:34  SCV  
  57  4:36  SCV  
  61  4:38  Factory Reactor  
  61  4:44  Stimpack  
  61  4:48  SCV x2, Terran Infantry Weapons Level 1  
  61  4:52  Supply Depot  
  63  4:56  Marine x2, Marauder  
  67  5:02  SCV x2  
  65  5:09  Supply Depot  
  65  5:14  SCV x2  
  65  5:15  Supply Depot  
  65  5:16  Marine x2  
  65  5:18  Marauder  
  71  5:22  Refinery  
  71  5:23  Combat Shield  
  71  5:25  Factory Reactor, Marauder  
  74  5:28  SCV x2  
  74  5:31  Supply Depot  
  73  5:37  Marine  
  73  5:38  Marine  
  73  5:39  Marauder  
  73  5:40  SCV x2  
  77  5:44  Medivac  
  77  5:46  Marauder  
  77  5:48  Medivac  
  83  6:00  Command Center  
  83  6:03  Widow Mine x2, Marine x2  
  89  6:09  Supply Depot  
  89  6:12  Supply Depot  
  89  6:16  Medivac  
  91  6:18  Medivac  
  91  6:21  Marine x2, Marauder  
  91  6:22  Marauder  
  98  6:29  Widow Mine x2  
  96  6:42  SCV x2  
  98  6:48  Medivac x2  
  98  6:49  Barracks x2  
  98  6:50  Marine  
  98  6:51  Marine  
  98  6:53  Marauder x2  
  108  6:54  SCV  
  108  6:55  SCV  
  95  7:03  Widow Mine x2  
  95  7:06  SCV  
  95  7:07  SCV, Supply Depot  
  98  7:19  SCV x2  
  98  7:20  Marine x2, Marauder x2  
  108  7:30  Widow Mine x2  
  108  7:31  SCV x2  
  113  7:37  Barracks Tech Lab  
  113  7:38  Marine x2, Barracks Reactor  
  113  7:43  SCV x2  
Show
View Real Time Build Order
Export as new Build Order

Stats Protoss - Winner!

Build Orders: 1 Gate Expand, Blink Stalkers 

Get SALT Encoding   

  12  0:00  Probe  
  13  0:13  Probe  
  14  0:19  Pylon  
  14  0:25  Probe  
  15  0:34  Probe  
  15  0:41  Gateway  
  15  0:42  Probe  
  16  0:47  Assimilator  
  17  0:52  Probe  
  18  1:04  Probe  
  19  1:16  Probe  
  20  1:28  Cybernetics Core  
  20  1:33  Nexus  
  20  1:36  Probe  
  21  1:42  Pylon  
  21  1:47  Assimilator  
  21  1:49  Probe  
  22  1:55  Adept  
  22  2:01  Probe  
  22  2:05  Warp Gate  
  25  2:13  Probe  
  25  2:15  Stalker  
  26  2:25  Probe  
  29  2:32  Twilight Council  
  29  2:37  Probe  
  29  2:41  Probe  
  30  2:48  Stalker  
  30  2:49  Probe x2  
  35  2:59  Probe, Blink  
  35  3:02  Probe  
  37  3:08  Probe  
  38  3:14  Probe  
  38  3:16  Probe  
  39  3:20  Gateway  
  39  3:24  Gateway  
  39  3:26  Probe  
  41  3:36  Probe  
  41  3:38  Probe  
  43  3:42  Robotics Facility  
  43  3:44  Pylon  
  43  3:47  Assimilator  
  43  3:48  Probe  
  44  3:50  Pylon, Probe  
  45  4:02  Stalker  
  47  4:03  Probe x2  
  49  4:15  Probe x2  
  51  4:17  Nexus  
  51  4:20  Stalker x2  
  51  4:23  Observer  
  55  4:24  Pylon  
  55  4:28  Stalker  
  58  4:34  Pylon  
  58  4:35  Probe  
  58  4:36  Probe  
  60  4:43  Observer, Stalker x2  
  65  4:48  Probe x2  
  65  4:51  Stalker  
  69  5:08  Probe x2  
  69  5:09  Forge  
  69  5:10  Charge, Forge  
  69  5:11  Observer  
  72  5:20  Probe x2  
  74  5:29  Probe  
  74  5:32  Probe x2  
  74  5:34  Pylon, Protoss Ground Weapons Level 1, Protoss Ground Armor Level 1  
  77  5:45  Probe x3  
  77  5:48  Sentry, Zealot x2  
  86  5:51  Gateway x2  
  86  5:52  Observer  
  86  5:55  Gateway  
  86  5:57  Gateway  
  86  5:58  Probe  
  86  6:02  Gateway  
  87  6:04  Warp Prism  
  87  6:06  Pylon  
  89  6:14  Stalker  
  89  6:15  Stalker x2  
  95  6:39  Zealot x3  
  95  6:40  Immortal  
  95  6:46  Pylon  
  99  6:48  Pylon, Probe x3  
  99  6:50  Zealot x2  
  102  7:03  Zealot x4  
  102  7:07  Observer  
  102  7:08  Observer  
  108  7:10  Sentry  
  108  7:11  Zealot  
  108  7:12  Zealot x2  
  114  7:15  Pylon  
  114  7:16  Probe, Pylon  
  119  7:24  Assimilator  
  119  7:26  Assimilator  
  119  7:27  Pylon  
  119  7:43  Zealot  
  119  7:44  Zealot x7  
Tags
 
Add a new tag
Caveats
  • Supply blocks, unpowered buildings, or Contaminate may cause inaccurate times.
  • Supply counts are checked every 10 seconds.